 Dungeon Crawl Stone Soup version 0.20.1-1-g8b1a95d (webtiles) character file.

1323 froobite the Carver (level 8, -6/70 HPs)
             Began as a Minotaur Berserker on Aug 1, 2017.
             Was a Priest of Trog.
             Mangled by a hornet (12 damage)
             ... while paralysed by a hornet
             ... on level 7 of the Dungeon.
             The game lasted 00:09:00 (3627 turns).

froobite the Carver (Minotaur Berserker)            Turns: 3627, Time: 00:09:01

Health: -6/70      AC: 10    Str: 23    XL:     8   Next: 33%
Magic:  7/7        EV:  2    Int:  5    God:    Trog [***...]
Gold:   179        SH:  0    Dex: 10    Spells: 7/7 levels left

rFire    . . .     SeeInvis .   a - +0 falchion
rCold    . . .     Gourm    .   (no shield)
rNeg     . . .     Faith    .   d - +2 ring mail
rPois    .         Spirit   .   (helmet restricted)
rElec    .         Reflect  .   u - +0 cloak
rCorr    .         Harm     .   (no gloves)
MR       .....                  (no boots)
Stlth    +.........             (no amulet)
Regen    0.3/turn               (no ring)
MPRegen  0.1/turn               (no ring)

@: paralysed, lethally poisoned (-6 -> -33), berserk cooldown, slowed
A: retaliatory headbutt, horns 2
a: Berserk, Trog's Hand, Burn Spellbooks, Renounce Religion


You were on level 7 of the Dungeon.
You worshipped Trog.
Trog was most pleased with you.
You were very hungry.

You visited 1 branch of the dungeon, and saw 5 of its levels.

You collected 179 gold pieces.

Inventory:

Hand Weapons
 a - a +0 falchion (weapon)
Missiles
 v - 3 tomahawks (quivered)
Armour
 b - a +0 animal skin
 d - a +2 ring mail (worn)
 u - a +0 cloak (worn)
Jewellery
 o - an uncursed ring of ice {unknown}
 r - an uncursed ring of magical power {unknown}
 s - a cursed ring of loudness {unknown}
Wands
 t - a wand of iceblast (5/15)
Scrolls
 i - 4 scrolls of identify
 j - a scroll of teleportation {unknown}
 m - a scroll of fog
 p - a scroll of remove curse {unknown}
Potions
 e - 2 potions of curing {unknown}
 g - a potion of agility {unknown}
 h - a potion of lignification {unknown}
 l - a potion of heal wounds {unknown}
 n - 2 potions of mutation {unknown}
 q - a potion of flight {unknown}
Comestibles
 c - 4 bread rations
 f - 4 meat rations
 k - a royal jelly


   Skills:
 + Level 6.0 Fighting
 + Level 8.3 Long Blades
 + Level 7.8 Armour
 + Level 3.7 Dodging
 + Level 1.0 Stealth


You had 7 spell levels left.
You didn't know any spells.

Dungeon Overview and Level Annotations

Branches:
Dungeon (4/15)
 Temple: D:4-7

Altars:
Elyvilon
Vehumet
Yredelemnul


Innate Abilities, Weirdness & Mutations

You reflexively headbutt those who attack you in melee.
You have a pair of horns on your head.


Message History

The hornet is severely wounded.
You feel very sick. The hornet stings you.
You feel as though you will be slow longer.
The hornet stings you!
* * * LOW HITPOINT WARNING * * *
You feel as though you will be slow longer.
You miss the hornet.
The hornet is severely wounded.
You are feeling very hungry.
* * * LOW HITPOINT WARNING * * *
You feel very sick. The hornet barely misses you. You furiously retaliate!
You headbutt the hornet.
You riposte.
You hit the hornet. Your headbutt misses the hornet.
The hornet is severely wounded.
The hornet stings you!
* * * LOW HITPOINT WARNING * * *
You are more poisoned.
You suddenly lose the ability to move!
The hornet stings you!
You die...

.#...##........# #
#... ###......#.#
#....###......#.#
#<..........<...#
.#....####.###.###
.........†.....##
##.....##..†....#
#..... #y......#
#..... #@......#
#..... #.......#
#...y# #.......#
#.... ........#
##### #........#
#........#
#.#.###### #+ .#


You could see a hornet.

Vanquished Creatures
  Pikel (D:4)
  Grinder (D:3)
  A hippogriff (D:7)
  The ghost of Shiggs the Cudgeler, an amateur NaFi (D:3)
  A phantom (D:4)
  A scorpion (D:4)
  A howler monkey (D:3)
  A crimson imp (D:3)
  A bullfrog skeleton (D:7)
  Terence (D:3)
  2 iguanas (D:4)
  A worker ant (D:4)
  4 adders
  An ooze (D:2)
  An adder zombie (D:7)
  An adder skeleton (D:4)
  2 worms
  2 dart slugs (D:1)
  A leopard gecko (D:3)
  An orc (D:3)
  2 ball pythons
  4 giant cockroaches
  9 goblins
  4 hobgoblins
  17 jackals
  7 kobolds
  4 quokkas
  6 bats
  3 frilled lizards
  A leopard gecko skeleton (D:4)
  6 rats
89 creatures vanquished.

Notes
Turn   | Place    | Note
-------+----------+-------------------------------------------
     0 | D:1      | froobite the Minotaur Berserker began the quest for the Orb.
     0 | D:1      | Reached XP level 1. HP: 19/19 MP: 0/0
   149 | D:1      | Reached XP level 2. HP: 24/27 MP: 1/1
   240 | D:1      | Reached skill level 4 in Long Blades
   751 | D:1      | Reached XP level 3. HP: 33/33 MP: 2/2
   762 | D:1      | Reached ** piety under Trog
  1279 | D:2      | Found a white marble altar of Elyvilon.
  1574 | D:2      | Found a radiant altar of Vehumet.
  1609 | D:2      | Reached XP level 4. HP: 38/41 MP: 3/3
  2099 | D:2      | Found a basalt altar of Yredelemnul.
  2279 | D:3      | Noticed Shiggs's ghost (amateur NaFi)
  2299 | D:3      | HP: 2/41 [Shiggs's ghost (11)]
  2301 | D:3      | Killed Shiggs's ghost
  2301 | D:3      | Reached skill level 5 in Long Blades
  2301 | D:3      | Reached XP level 5. HP: 3/47 MP: 4/4
  2597 | D:3      | Noticed Terence
  2601 | D:3      | Killed Terence
  2627 | D:3      | Reached *** piety under Trog
  2808 | D:3      | Reached XP level 6. HP: 46/55 MP: 5/5
  2819 | D:3      | Noticed Grinder
  2821 | D:3      | Paralysed by Grinder for 5 turns
  2830 | D:3      | Killed Grinder
  2830 | D:3      | Reached skill level 5 in Fighting
  2830 | D:3      | Reached skill level 6 in Long Blades
  2830 | D:3      | Reached skill level 5 in Armour
  3144 | D:4      | Reached XP level 7. HP: 57/61 MP: 6/6
  3356 | D:4      | Reached skill level 7 in Long Blades
  3395 | D:4      | Noticed Pikel
  3418 | D:4      | Killed Pikel
  3418 | D:4      | Reached XP level 8. HP: 32/70 MP: 7/7
  3573 | D:4      | You fall through a shaft for 3 floors!
  3597 | D:7      | Noticed a hippogriff
  3614 | D:7      | Killed a hippogriff
  3614 | D:7      | Reached skill level 8 in Long Blades
  3614 | D:7      | Reached skill level 1 in Stealth
  3617 | D:7      | Noticed a hornet
  3627 | D:7      | Paralysed by a hornet for 3 turns
  3627 | D:7      | Mangled by a hornet

Skill      XL: |  1  2  3  4  5  6  7  8 |
---------------+-------------------------+-----
Fighting       | 4 5 6 |  6.0
Long Blades    | 4 5 6 7 8 |  8.3
Armour         | 3 4 5 7 |  7.8
Dodging        | 3 |  3.7
Stealth        | 1 |  1.0

Action                   |  1- 3 |  4- 6 |  7- 9 || total
-------------------------+-------+-------+-------++-------
Melee: Falchion          |    74 |    75 |    69 ||   218
       Headbutt          |    13 |    20 |    11 ||    44
Invok: Berserk           |       |     2 |     2 ||     4
  Use: Scroll            |     5 |       |       ||     5
       Potion            |       |     1 |       ||     1
  Eat: Chunk             |     2 |     3 |     2 ||     7
       Bread ration      |       |     1 |       ||     1
Armor: Ring mail         |    48 |    30 |    26 ||   104
       Animal skin       |     2 |       |       ||     2
Dodge: Dodged            |    65 |    53 |    43 ||   161
       Rpst.: Falchion   |    15 |    16 |    17 ||    48
